TOP OF THE 1ST |
Redwood City Redwoods batting - Pitching for Spokane Trappers : RHP Edgardo Martínez
|
Pitching: RHP Edgardo Martínez
|
|
Batting: LHB Ken Miller
|
0-0: Ball 1-0: Ball 2-0: Foul Ball, location: 2F 2-1: Swinging Strike 2-2: Strikes out swinging
|
Batting: LHB Tony Warrilow
|
0-0: Ball 1-0: Swinging Strike 1-1: Swinging Strike 1-2: Ball 2-2: Strikes out swinging
|
Batting: RHB Cheng-ho Qiao
|
0-0: Ball 1-0: Called Strike 1-1: Foul Ball, location: 2F 1-2: Ball 2-2: Foul Ball, location: 2F 2-2: Strikes out swinging
|
Top of the 1st over - 0 run(s), 0 hit(s), 0 error(s), 0 left on base; Redwood City 0 - Spokane 0 |
BOTTOM OF THE 1ST |
Spokane Trappers batting - Pitching for Redwood City Redwoods : RHP Ramiro Piña
|
Pitching: RHP Ramiro Piña
|
|
Batting: RHB Zi-xing King
|
0-0: Called Strike 0-1: Ball 1-1: Ground out 6-3 (Groundball, 6M)
|
Batting: RHB Hyo-sang Yu
|
0-0: Ball 1-0: Ball 2-0: Ball 3-0: Base on Balls
|
Batting: LHB Juan Cortés
|
0-0: Fielders Choice at 2nd, 4-6 (Groundball, 4)
|
Batting: RHB Ernesto Acosta
|
0-0: Swinging Strike 0-1: Called Strike 0-2: Foul Ball, location: 2F 0-2: Ball Juan Cortés is caught stealing 2nd base
|
Bottom of the 1st over - 0 run(s), 0 hit(s), 0 error(s), 0 left on base; Redwood City 0 - Spokane 0 |
TOP OF THE 2ND |
Redwood City Redwoods batting - Pitching for Spokane Trappers : RHP Edgardo Martínez
|
Batting: LHB Tom Waller
|
0-0: Foul Ball, location: 2F 0-1: Swinging Strike 0-2: Ball 1-2: Strikes out swinging
|
Batting: RHB Edgardo Gonzáles
|
0-0: Ball 1-0: Called Strike 1-1: Called Strike 1-2: Foul Ball, location: 2F 1-2: Ball 2-2: Strikes out looking
|
Batting: LHB Eduardo Alomar
|
0-0: Ground out 4-3 (Groundball, 4)
|
Top of the 2nd over - 0 run(s), 0 hit(s), 0 error(s), 0 left on base; Redwood City 0 - Spokane 0 |
BOTTOM OF THE 2ND |
Spokane Trappers batting - Pitching for Redwood City Redwoods : RHP Ramiro Piña
|
Batting: RHB Ernesto Acosta
|
0-0: Ball 1-0: Foul Ball, location: 2F 1-1: Ball 2-1: Fly out, F7 (Flyball, 78D)
|
Batting: RHB Pedro Guzmán
|
0-0: Ball 1-0: Ball 2-0: Swinging Strike 2-1: Called Strike 2-2: Foul Ball, location: 2F 2-2: Ball 3-2: Fly out, F7 (Flyball, 7LD)
|
Batting: RHB Ramiro Ross
|
0-0: Foul Ball, location: 2F 0-1: Ground out 4-3 (Groundball, 4)
|
Bottom of the 2nd over - 0 run(s), 0 hit(s), 0 error(s), 0 left on base; Redwood City 0 - Spokane 0 |
TOP OF THE 3RD |
Redwood City Redwoods batting - Pitching for Spokane Trappers : RHP Edgardo Martínez
|
Batting: RHB Anastasio García
|
0-0: Called Strike 0-1: Ball 1-1: Ball 2-1: Ball 3-1: Called Strike 3-2: Base on Balls
|
Batting: LHB Juan Hernández
|
0-0: Ball 1-0: Foul Ball, location: 2F 1-1: Ground out 4-3 (Groundball, 13) Anastasio García to second
|
Batting: RHB Dan Martin
|
0-0: Ball 1-0: Ground out 5-3 (Groundball, 5L)
|
Batting: LHB Ken Miller
|
0-0: 2-RUN HOME RUN (Flyball, 8RXD), Distance : 423 ft
|
Batting: LHB Tony Warrilow
|
0-0: Called Strike 0-1: Swinging Strike 0-2: DOUBLE (Flyball, 89XD)
|
Batting: RHB Cheng-ho Qiao
|
0-0: Foul Ball, location: 2F 0-1: Ball 1-1: Foul Ball, location: 2F 1-2: Fly out, F6 (Popup, 6MD)
|
Top of the 3rd over - 2 run(s), 2 hit(s), 0 error(s), 1 left on base; Redwood City 2 - Spokane 0 |
BOTTOM OF THE 3RD |
Spokane Trappers batting - Pitching for Redwood City Redwoods : RHP Ramiro Piña
|
Batting: RHB John Craig
|
0-0: Called Strike 0-1: Called Strike 0-2: Foul Ball, location: 2F 0-2: Ground out 6-3 (Groundball, 6M)
|
Batting: LHB Pete Carter
|
0-0: Fly out, F7 (Flyball, 7S)
|
Batting: RHB Guy Miller
|
0-0: Ball 1-0: Called Strike 1-1: Called Strike 1-2: Ball 2-2: Ball 3-2: Base on Balls
|
Batting: RHB Zi-xing King
|
0-0: Ball 1-0: Foul Ball, location: 2F 1-1: Swinging Strike 1-2: Strikes out swinging
|
Bottom of the 3rd over - 0 run(s), 0 hit(s), 0 error(s), 1 left on base; Redwood City 2 - Spokane 0 |
TOP OF THE 4TH |
Redwood City Redwoods batting - Pitching for Spokane Trappers : RHP Edgardo Martínez
|
Batting: LHB Tom Waller
|
0-0: Ball 1-0: Called Strike 1-1: Called Strike 1-2: Ground out 3-1 (Groundball, 34S)
|
Batting: RHB Edgardo Gonzáles
|
0-0: Ball 1-0: Ground out 3-1 (Groundball, 34)
|
Batting: LHB Eduardo Alomar
|
0-0: Foul Ball, location: 2F 0-1: Ball 1-1: Ball 2-1: Ball 3-1: Foul Ball, location: 2F 3-2: Foul Ball, location: 2F 3-2: Base on Balls
|
Batting: RHB Anastasio García
|
0-0: Ball 1-0: 2-RUN HOME RUN (Flyball, 78XD), Distance : 413 ft
|
Batting: LHB Juan Hernández
|
0-0: Called Strike 0-1: Ball 1-1: Called Strike 1-2: Foul Ball, location: 2F 1-2: Ground out 4-3 (Groundball, 4M)
|
Top of the 4th over - 2 run(s), 1 hit(s), 0 error(s), 0 left on base; Redwood City 4 - Spokane 0 |
BOTTOM OF THE 4TH |
Spokane Trappers batting - Pitching for Redwood City Redwoods : RHP Ramiro Piña
|
Batting: RHB Hyo-sang Yu
|
0-0: Ball 1-0: Called Strike 1-1: Called Strike 1-2: Foul Ball, location: 2F 1-2: Ball 2-2: Ball 3-2: Foul Ball, location: 2F 3-2: Ground out 6-3 (Groundball, 6)
|
Batting: LHB Juan Cortés
|
0-0: Ball 1-0: Ball 2-0: Called Strike 2-1: Ball 3-1: Base on Balls
|
Batting: RHB Ernesto Acosta
|
0-0: Ball Juan Cortés is caught stealing 2nd base 1-0: Ground out 6-3 (Groundball, 6)
|
Bottom of the 4th over - 0 run(s), 0 hit(s), 0 error(s), 0 left on base; Redwood City 4 - Spokane 0 |
TOP OF THE 5TH |
Redwood City Redwoods batting - Pitching for Spokane Trappers : RHP Edgardo Martínez
|
Batting: RHB Dan Martin
|
0-0: Ball 1-0: Ball 2-0: Ball 3-0: Base on Balls
|
Batting: LHB Ken Miller
|
0-0: Ball 1-0: Ball 2-0: Called Strike 2-1: Foul Ball, location: 2F 2-2: Strikes out looking
|
Batting: LHB Tony Warrilow
|
0-0: Foul Ball, location: 2F 0-1: Called Strike 0-2: Foul Ball, location: 2F 0-2: Ball 1-2: Ball 2-2: Foul Ball, location: 2F 2-2: Ball 3-2: Strikes out swinging
|
Batting: RHB Cheng-ho Qiao
|
0-0: Ball Dan Martin steals 2nd base 1-0: Ball 2-0: Swinging Strike 2-1: Ball 3-1: SINGLE (Line Drive, 9S) Dan Martin to third
|
Batting: LHB Tom Waller
|
0-0: Ball 1-0: Swinging Strike 1-1: Foul Ball, location: 2F 1-2: Ground out 3-1 (Groundball, 34S)
|
Top of the 5th over - 0 run(s), 1 hit(s), 0 error(s), 2 left on base; Redwood City 4 - Spokane 0 |
BOTTOM OF THE 5TH |
Spokane Trappers batting - Pitching for Redwood City Redwoods : RHP Ramiro Piña
|
Batting: RHB Pedro Guzmán
|
0-0: Ball 1-0: Fly out, F3 (Line Drive, 3S)
|
Batting: RHB Ramiro Ross
|
0-0: Called Strike 0-1: Swinging Strike 0-2: Ball 1-2: Strikes out swinging
|
Batting: RHB John Craig
|
0-0: Called Strike 0-1: Ball 1-1: Swinging Strike 1-2: Foul Ball, location: 2F Reached via error on a dropped throw, E3
|
Batting: LHB Pete Carter
|
0-0: SINGLE (Line Drive, 34D) John Craig to second
|
Batting: RHB Guy Miller
|
0-0: DOUBLE (Line Drive, 7LS) John Craig scores Pete Carter to third Runner from 3rd tries for Home, throw and OUT!
|
Bottom of the 5th over - 1 run(s), 2 hit(s), 1 error(s), 1 left on base; Redwood City 4 - Spokane 1 |
TOP OF THE 6TH |
Redwood City Redwoods batting - Pitching for Spokane Trappers : RHP Edgardo Martínez
|
Batting: RHB Edgardo Gonzáles
|
0-0: Ball 1-0: SINGLE (Groundball, 4D)
|
Batting: LHB Eduardo Alomar
|
0-0: Called Strike 0-1: Ball 1-1: Ball 2-1: Swinging Strike 2-2: Strikes out swinging
|
Batting: RHB Anastasio García
|
0-0: Called Strike 0-1: Ball 1-1: SINGLE (Groundball, 6MD) Edgardo Gonzáles to second Runner from 2nd tries for 3rd, SAFE, no throw or cutoff
|
Pitching: LHP Miguel Martínez
|
|
Batting: LHB Juan Hernández
|
0-0: Ball 1-0: Foul Ball, location: 2F 1-1: Ball 2-1: Swinging Strike 2-2: Strikes out swinging
|
Batting: RHB Dan Martin
|
0-0: Called Strike 0-1: Called Strike 0-2: Foul Ball, location: 2F 0-2: Strikes out swinging
|
Top of the 6th over - 0 run(s), 2 hit(s), 0 error(s), 2 left on base; Redwood City 4 - Spokane 1 |
BOTTOM OF THE 6TH |
Spokane Trappers batting - Pitching for Redwood City Redwoods : RHP Ramiro Piña
|
Batting: RHB Zi-xing King
|
0-0: Ground out 3-1 (Groundball, 34S)
|
Batting: RHB Hyo-sang Yu
|
0-0: Ball 1-0: Foul Ball, location: 2F 1-1: Called Strike 1-2: Ball 2-2: Ball 3-2: Base on Balls
|
Batting: LHB Juan Cortés
|
0-0: Ball 1-0: Ball 2-0: Swinging Strike 2-1: Ball 3-1: Base on Balls Hyo-sang Yu to second
|
Batting: RHB Ernesto Acosta
|
0-0: Ball 1-0: Ball 2-0: Called Strike 2-1: DOUBLE (Line Drive, 9LM) Hyo-sang Yu scores Juan Cortés to third
|
Batting: RHB Pedro Guzmán
|
0-0: Called Strike 0-1: Ball 1-1: 3-RUN HOME RUN (Flyball, 8LXD), Distance : 426 ft
|
Batting: RHB Ramiro Ross
|
0-0: Foul Ball, location: 2F 0-1: SINGLE (Line Drive, 78S)
|
Batting: RHB John Craig
|
0-0: Foul Ball, location: 2F 0-1: Grounds into double play, 4-6-3 (Groundball, 4)
|
Bottom of the 6th over - 4 run(s), 3 hit(s), 0 error(s), 0 left on base; Redwood City 4 - Spokane 5 |
TOP OF THE 7TH |
Redwood City Redwoods batting - Pitching for Spokane Trappers : LHP Miguel Martínez
|
Batting: LHB Ken Miller
|
0-0: Called Strike 0-1: Foul Ball, location: 2F 0-2: Ball 1-2: Ball 2-2: Strikes out swinging
|
Batting: LHB Tony Warrilow
|
0-0: TRIPLE (Flyball, 9D)
|
Batting: RHB Cheng-ho Qiao
|
0-0: Ball 1-0: Ball 2-0: Ball 3-0: Base on Balls
|
Pinch Hitting: RHB Robinson Martínez
|
0-0: Foul Ball, location: 2F 0-1: Called Strike 0-2: Strikes out looking
|
Batting: RHB Edgardo Gonzáles
|
0-0: Called Strike 0-1: Ground out 4-3 (Groundball, 13)
|
Top of the 7th over - 0 run(s), 1 hit(s), 0 error(s), 2 left on base; Redwood City 4 - Spokane 5 |
BOTTOM OF THE 7TH |
Spokane Trappers batting - Pitching for Redwood City Redwoods : RHP Ramiro Piña
|
Pitching: LHP Haywood Brown
|
|
Now at 1B: Jaime Manuel
|
|
Batting: LHB Pete Carter
|
0-0: Called Strike 0-1: Swinging Strike 0-2: Strikes out swinging
|
Pitching: LHP George Owens
|
|
Batting: RHB Guy Miller
|
0-0: Foul Ball, location: 2F 0-1: Ball 1-1: Ball 2-1: Called Strike 2-2: Foul Ball, location: 2F 2-2: Strikes out swinging
|
Batting: RHB Zi-xing King
|
0-0: Fly out, F2 (Popup, 2LF)
|
Bottom of the 7th over - 0 run(s), 0 hit(s), 0 error(s), 0 left on base; Redwood City 4 - Spokane 5 |
TOP OF THE 8TH |
Redwood City Redwoods batting - Pitching for Spokane Trappers : LHP Miguel Martínez
|
Pitching: LHP Júlio Hernández
|
|
Batting: LHB Eduardo Alomar
|
0-0: Ball 1-0: Swinging Strike 1-1: Ball 2-1: Foul Ball, location: 2F 2-2: Ground out 4-3 (Groundball, 34)
|
Pitching: RHP Ching-wei Zi
|
|
Batting: RHB Anastasio García
|
0-0: Ball 1-0: Ball 2-0: Ball 3-0: Base on Balls
|
Pitching: RHP José Navarro
|
|
Batting: LHB Juan Hernández
|
0-0: Ball 1-0: Foul Ball, location: 2F 1-1: DOUBLE (Line Drive, 5L) Anastasio García to third
|
Pinch Hitting: LHB Enrique Uribe
|
0-0: Called Strike 0-1: Ball 1-1: Swinging Strike 1-2: Ball 2-2: Ball 3-2: Base on Balls
|
Pitching: LHP Alberto Cabrera
|
|
Pinch Hitting: RHB Fu Tse
|
0-0: Called Strike 0-1: Ball 1-1: Ball 2-1: SINGLE (Groundball, 56D) Anastasio García scores Juan Hernández to third Enrique Uribe to second Runner from 3rd tries for Home, SAFE, throw made home Enrique Uribe to third Fu Tse to second
|
Batting: LHB Tony Warrilow
|
0-0: Called Strike 0-1: Ball 1-1: Ball 2-1: Ball 3-1: Base on Balls
|
Batting: RHB Cheng-ho Qiao
|
0-0: Ball 1-0: Called Strike 1-1: Called Strike 1-2: Grounds into fielders choice 1-2 (Groundball, 13S) Fu Tse to third Tony Warrilow to second
|
Batting: SHB Jaime Manuel
|
0-0: Called Strike 0-1: Foul Ball, location: 2F 0-2: Ball 1-2: Strikes out looking
|
Top of the 8th over - 2 run(s), 2 hit(s), 0 error(s), 3 left on base; Redwood City 6 - Spokane 5 |
BOTTOM OF THE 8TH |
Spokane Trappers batting - Pitching for Redwood City Redwoods : LHP George Owens
|
Pitching: RHP Jim Williams
|
|
Now at 2B: Yataro Abe
|
|
Now in LF: Enrique Uribe
|
|
Batting: RHB Hyo-sang Yu
|
0-0: Called Strike 0-1: Called Strike 0-2: Strikes out swinging
|
Batting: LHB Juan Cortés
|
0-0: Foul Ball, location: 2F 0-1: Ground out 5-3 (Groundball, 56S)
|
Batting: RHB Ernesto Acosta
|
0-0: Ball 1-0: Ball 2-0: SINGLE (Line Drive, 9LS)
|
Pinch Hitting: SHB António Hinojosa
|
0-0: Ball 1-0: Ball 2-0: Called Strike 2-1: Foul Ball, location: 2F 2-2: Strikes out looking
|
Bottom of the 8th over - 0 run(s), 1 hit(s), 0 error(s), 1 left on base; Redwood City 6 - Spokane 5 |
TOP OF THE 9TH |
Redwood City Redwoods batting - Pitching for Spokane Trappers : LHP Alberto Cabrera
|
Pitching: RHP José Ortíz
|
|
Now at 3B: Keith Browne
|
|
Batting: RHB Edgardo Gonzáles
|
0-0: Ball 1-0: Fly out, F7 (Line Drive, 7D)
|
Batting: LHB Eduardo Alomar
|
0-0: Called Strike 0-1: Foul Ball, location: 2F 0-2: Foul Ball, location: 2F 0-2: Foul Ball, location: 2F 0-2: Foul Ball, location: 2F 0-2: Ball 1-2: Strikes out looking
|
Batting: RHB Anastasio García
|
0-0: Called Strike 0-1: Foul Ball, location: 2F 0-2: Foul Ball, location: 2F 0-2: Strikes out looking
|
Top of the 9th over - 0 run(s), 0 hit(s), 0 error(s), 0 left on base; Redwood City 6 - Spokane 5 |
BOTTOM OF THE 9TH |
Spokane Trappers batting - Pitching for Redwood City Redwoods : RHP Jim Williams
|
Pitching: LHP Fernando Alvarado
|
|
Now at C: Orlando Santos
|
|
Batting: RHB Ramiro Ross
|
0-0: Ball 1-0: Swinging Strike 1-1: Fly out, F9 (Flyball, 9LS)
|
Pinch Hitting: RHB Mario Hernández
|
0-0: Ball 1-0: Ball 2-0: Called Strike 2-1: Ball 3-1: Base on Balls
|
Pinch Hitting: RHB Félix Tremblay
|
0-0: Ball 1-0: Ball 2-0: Fly out, F8 (Flyball, 8RS)
|
Batting: RHB Guy Miller
|
0-0: Called Strike 0-1: Ground out 4-3 (Groundball, 4)
|
Bottom of the 9th over - 0 run(s), 0 hit(s), 0 error(s), 1 left on base; Redwood City 6 - Spokane 5 |
|